 Dungeon Crawl Stone Soup version 0.21-a0-278-ga722497 (webtiles) character file.

148 Jeffwins the Cudgeler (level 5, -6/41 HPs)
             Began as a Demonspawn Fighter on Sept 21, 2017.
             Killed by divine providence
             ... invoked by an orc priest
              (13 damage)
             ... on level 3 of the Dungeon.
             The game lasted 00:02:34 (2091 turns).

Jeffwins the Cudgeler (Demonspawn Fighter)          Turns: 2091, Time: 00:02:35

Health: -6/41      AC:  7    Str: 16    XL:     5   Next: 8%
Magic:  5/5        EV: 11    Int: 11    God:
Gold:   95         SH:  9    Dex: 17    Spells: 4/4 levels left

rFire    . . .     SeeInvis .   a - +0 flail
rCold    . . .     Gourm    .   c - +0 shield
rNeg     . . .     Faith    .   b - +0 scale mail
rPois    .         Spirit   .   g - +0 helmet
rElec    .         Reflect  .   (no cloak)
rCorr    .         Harm     .   (no gloves)
MR       .....                  (no boots)
Stlth    +.........             (no amulet)
HPRegen  0.13/turn              (no ring)
MPRegen  0.09/turn              (no ring)

@: agile, hasted, very quick
A: claws 1, powered by pain 1
a: no special abilities


You were on level 3 of the Dungeon.
You were not hungry.

You visited 1 branch of the dungeon, and saw 3 of its levels.

You collected 95 gold pieces.

Inventory:

Hand Weapons
 a - a +0 flail (weapon)
Missiles
 j - 7 curare-tipped needles
Armour
 b - a +0 scale mail (worn)
 c - a +0 shield (worn)
 g - a +0 helmet (worn)
Scrolls
 e - a scroll of identify {unknown}
 l - 3 scrolls of magic mapping {unknown}
 m - 2 scrolls of amnesia {unknown}
 n - a scroll of teleportation {unknown}
 q - 3 scrolls of enchant armour {unknown}
 r - a scroll of random uselessness {unknown}
Potions
 d - a potion of might
 i - a potion of curing {unknown}
 k - a potion of brilliance {unknown}
 o - a potion of lignification {unknown}
Comestibles
 f - 4 bread rations
 p - a royal jelly


   Skills:
 - Level 3.0 Fighting
 + Level 4.8 Maces & Flails
 - Level 2.6 Armour
 - Level 2.6 Shields


You had 4 spell levels left.
You didn't know any spells.

Dungeon Overview and Level Annotations

Branches:
Dungeon (3/15)

Altars:
Makhleb


Innate Abilities, Weirdness & Mutations

You have sharp fingernails.
You sometimes gain a little power by taking damage.


Message History

The orc priest is heavily wounded.
You block the bat's attack.
The orc priest casts a cantrip, but nothing happens.
You block the orc priest's attack.
Unknown command.
You closely miss the orc priest.
The orc priest is heavily wounded.
You block the bat's attack. x2; The orc priest closely misses you.
Unknown command.
You closely miss the orc priest.
The orc priest is heavily wounded.
You block the bat's attack. The orc priest hits you with a club.
* * * LOW HITPOINT WARNING * * *
It was a potion of haste.
You feel yourself speed up. The bat hits you but does no damage.
The orc wizard casts a spell.
The orc wizard seems to speed up.
The orc priest mumbles some strange prayers to Beogh against you.
Beogh smites you!
You die...

#.. ######..##
#........#.
#..........
#..........
..###..........
......b........
.?o..$o@.......
..###.)........
##..#......
...#.##...
#.#.. . #.
....$ .# #.###.
# #. ..


You could see an orc priest, an orc wizard and a bat.

Vanquished Creatures
  A wyvern skeleton (D:2)
  A gnoll (D:1)
  3 adders (D:2)
  A worm (D:2)
  A dart slug (D:1)
  A leopard gecko (D:1)
  3 orcs
  A ball python (D:2)
  2 giant cockroaches (D:1)
  7 goblins
  8 hobgoblins
  4 bats
  3 frilled lizards
  3 kobolds
  8 rats
47 creatures vanquished.

Notes
Turn   | Place    | Note
-------+----------+-------------------------------------------
     0 | D:1      | Jeffwins the Demonspawn Fighter began the quest for the Orb.
     0 | D:1      | Reached XP level 1. HP: 18/18 MP: 1/1
    13 | D:1      | Reached skill level 2 in Maces & Flails
    13 | D:1      | Gained mutation: You sometimes gain a little power by taking damage. [demonic ancestry]
    13 | D:1      | Reached XP level 2. HP: 14/24 MP: 2/2
   368 | D:1      | Reached skill level 3 in Maces & Flails
   578 | D:1      | Reached XP level 3. HP: 29/29 MP: 3/3
  1065 | D:2      | Reached skill level 4 in Maces & Flails
  1065 | D:2      | Reached XP level 4. HP: 16/35 MP: 4/4
  1527 | D:2      | Found a burning altar of Makhleb.
  1907 | D:2      | Gained mutation: You have sharp fingernails. [demonic ancestry]
  1907 | D:2      | Reached XP level 5. HP: 24/41 MP: 5/5
  2091 | D:3      | Killed from afar by an orc priest

Vault maps used:
D:1:      tarquinn_simple_flora_water_b, minmay_pentomino_r2
D:2:      lemuel_round_altar, first_bread
D:3:      minmay_misc_feat_encased, okawaru_ov_weapons_minmay

Skill      XL: |  1  2  3 |
---------------+----------+-----
Maces & Flails | 2 3 4 |  4.8
Fighting       | |  3.0
Armour         | |  2.6
Shields        | |  2.6

Action                   |  1- 3 |  4- 6 || total
-------------------------+-------+-------++-------
Melee: Flail             |    60 |    92 ||   152
  Use: Potion            |       |     1 ||     1
  Eat: Chunk             |       |     4 ||     4
Armor: Scale mail        |    30 |    58 ||    88
Dodge: Dodged            |    22 |    16 ||    38
Block: Shield            |    25 |    61 ||    86

Table legend:
 A = Spawn XP
 B = Non-spawn XP
 C = Spawn XP percentage of total XP
 D = Spawn monster count
 E = Non-spawn monster count
 F = Spawn count percentage of total count
 G = Total turns spent on level
                    A         B        C        D         E        F      G
               +---------+---------+-------+---------+---------+-------+---------
         Total |       0 |     212 |   0.0 |       0 |      47 |   0.0 |  2091
               +---------+---------+-------+---------+---------+-------+---------
           D:1 |       0 |      44 |   0.0 |       0 |      16 |   0.0 |  1034
           D:2 |       0 |     161 |   0.0 |       0 |      28 |   0.0 |  1037
           D:3 |       0 |       7 |   0.0 |       0 |       3 |   0.0 |    20
               +---------+---------+-------+---------+---------+-------+---------
